 Dungeon Crawl Stone Soup version 0.21.0-3-g78d12a8 (webtiles) character file.

63 Firecrotchwizard the Shield-Bearer (level 3, 0/34 HPs)
             Began as a Deep Dwarf Fighter on Jan 14, 2018.
             Slain by Sigmund
             ... wielding a +0 scythe
              (3 damage)
             ... on level 2 of the Dungeon.
             The game lasted 00:02:12 (1414 turns).

Firecrotchwizard the Shield-Bearer (DDFi)           Turns: 1414, Time: 00:02:12

Health: 0/34       AC:  7    Str: 22    XL:     3   Next: 87%
Magic:  2/2        EV:  7    Int:  8    God:
Gold:   69         SH: 10    Dex: 13    Spells: 2/2 levels left

rFire    . . .     SeeInvis .   a - +0 flail
rCold    . . .     Gourm    .   c - +0 shield
rNeg     . . .     Faith    .   b - +0 scale mail
rPois    .         Spirit   .   (no helmet)
rElec    .         Reflect  .   (no cloak)
rCorr    .         Harm     .   (no gloves)
MR       .....                  (no boots)
Stlth    +.........             (no amulet)
HPRegen  0.00/turn              l - ring of stealth {Stlth+}
MPRegen  0.08/turn              n - +3 ring of strength

@: non-regenerating
A: damage resistance, heal wounds, sense surroundings 1, no regeneration
a: Heal Wounds


You were on level 2 of the Dungeon.
You were not hungry.

You visited 1 branch of the dungeon, and saw 2 of its levels.

You collected 69 gold pieces.

Inventory:

Hand Weapons
 a - a +0 flail (weapon)
Armour
 b - a +0 scale mail (worn)
 c - a +0 shield (worn)
Jewellery
 l - a ring of stealth (left hand) {Stlth+}
   (You found it on level 1 of the Dungeon)
 n - a +3 ring of strength (right hand)
   (You found it on level 2 of the Dungeon)
Scrolls
 i - 2 scrolls of enchant weapon {unknown}
 k - a scroll of noise {unknown}
 m - a scroll of identify {unknown}
 o - a scroll of teleportation {unknown}
 p - a scroll of blinking {unknown}
Potions
 d - a potion of might
 e - a potion of heal wounds {unknown}
 h - a potion of resistance {unknown}
 j - 2 potions of mutation {unknown}
Comestibles
 f - 3 rations {@e1}
 g - a chunk of flesh {@w0}


   Skills:
 + Level 3.1 Fighting
 * Level 3.1 Maces & Flails
 + Level 3.7 Armour
 + Level 3.8 Shields


You had 2 spell levels left.
You didn't know any spells.

Dungeon Overview and Level Annotations

Branches:
Dungeon (2/15)

Altars:

Annotations:
D:2 Sigmund


Innate Abilities, Weirdness & Mutations

You are resistant to damage.
You can heal yourself by infusing magical energy.
You passively map a small area around you.
You do not regenerate.


Message History

You hit the adder.
You kill the adder!
Your Maces & Flails skill increases to level 3!
You feel much better.
Health restored: 34 You start waiting.
You are no longer poisoned.
Some of the chunks of flesh in your inventory have rotted away.
You see here 22 stones.
A hobgoblin comes into view. It is wielding a club.
The hobgoblin shouts!
A hobgoblin is nearby!
Your shield and scale mail prevent you from hitting the hobgoblin.
The hobgoblin hits you but does no damage.
Your shield and scale mail prevent you from hitting the hobgoblin.
The hobgoblin barely misses you. The hobgoblin hits you with a club.
Your shield prevents you from hitting the hobgoblin.
You block the hobgoblin's attack.
You closely miss the hobgoblin. The hobgoblin hits you with a club.
You take 1 damage, and have 33/34 hp.
You hit the hobgoblin. You block the hobgoblin's attack. x2
You closely miss the hobgoblin. The hobgoblin hits you with a club.
You hit the hobgoblin.
You kill the hobgoblin!
No target in view!
No target in view!
No target in view!
No target in view!
Some of the chunks of flesh in your inventory have rotted away.
Some of the chunks of flesh in your inventory have rotted away.
A kobold comes into view. It is wielding a short sword.
The kobold shouts!
The kobold throws a stone.
The stone hits you.
Found a stone staircase leading up.
You see here a stone.
A kobold is nearby!
You are feeling hungry.
You barely miss the kobold. The kobold barely misses you.
You closely miss the kobold. The kobold barely misses you.
You closely miss the kobold. You block the kobold's attack.
The kobold hits you but does no damage.
You closely miss the kobold. You block the kobold's attack.
You closely miss the kobold. You block the kobold's attack.
You closely miss the kobold. The kobold hits you with a short sword.
You block the kobold's attack.
You take 1 damage, and have 32/34 hp.
You thump the kobold!
You kill the kobold!
No target in view!
Autoeating chunks.
Eating one of 4 chunks of flesh {@w0}.
You eat one of the 4 chunks of flesh {@w0}.
Things that are here:
a short sword; a kobold corpse You see here 10 sling bullets.
p - a scroll labeled FUKHIV ROOHED All of the chunks of flesh in your inventory have rotted away.
You now have 69 gold pieces (gained 15).
A giant cockroach comes into view.
The giant cockroach barely misses you.
You closely miss the giant cockroach. You block the giant cockroach's attack.
The giant cockroach bites you but does no damage.
You sock the giant cockroach!
You kill the giant cockroach!
No target in view!
You butcher the giant cockroach corpse.
g - a chunk of flesh {@w0} You see here a long sword.
There is a stone staircase leading up here.
Found a stone staircase leading down.
There is a stone staircase leading down here.
Sigmund the Dreaded comes into view.
He is wielding a scythe.
Sigmund shouts!
Sigmund hits you with a scythe!
You take 7 damage, and have 25/34 hp.
MASSIVE DAMAGE!!
You barely miss Sigmund. You hit Sigmund. You block Sigmund's attack.
Your shield and scale mail prevent you from hitting Sigmund.
Sigmund casts a spell at you. You resist with some effort.
Sigmund hits you with a scythe!
You take 10 damage, and have 15/34 hp.
MASSIVE DAMAGE!!
You barely miss Sigmund. You block Sigmund's attack.
You barely miss Sigmund. You closely miss Sigmund.
Sigmund casts a spell at you. The magic dart hits you!
* * * LOW HITPOINT WARNING * * *
You block Sigmund's attack.
You take 8 damage, and have 7/34 hp.
MASSIVE DAMAGE!!
You hit Sigmund. You thump Sigmund! Sigmund hits you with a scythe.
* * * LOW HITPOINT WARNING * * *
You take 4 damage, and have 3/34 hp.
You hit Sigmund. You block Sigmund's attack.
You closely miss Sigmund. You block Sigmund's attack.
You closely miss Sigmund. Sigmund hits you with a scythe.
You die...

* ####### , ,
####.....#####
*
#.....@.......
*
#.##>##@.####.
#.####.##.# ..#
#.........#
.... *
######.####
..#.# ,
#.#####..#.#
####...........
#.....#####...
. #.....# *


You could see Sigmund.

Vanquished Creatures
  An adder (D:2)
  2 dart slugs (D:1)
  2 leopard geckos (D:1)
  A ball python (D:1)
  13 giant cockroaches
  6 goblins
  5 hobgoblins
  2 bats (D:1)
  A frilled lizard (D:1)
  5 kobolds
  3 rats (D:1)
41 creatures vanquished.

Notes
Turn   | Place    | Note
-------+----------+-------------------------------------------
     0 | D:1      | Firecrotchwizard the Deep Dwarf Fighter began the quest for the Orb.
     0 | D:1      | Reached XP level 1. HP: 20/20 MP: 1/1
   112 | D:1      | Reached XP level 2. HP: 27/27 MP: 2/2
   496 | D:1      | Reached XP level 3. HP: 33/33 MP: 2/2
   510 | D:1      | Reached skill level 3 in Fighting
  1108 | D:2      | Reached skill level 3 in Maces & Flails
  1402 | D:2      | Noticed Sigmund
  1409 | D:2      | HP: 7/34 [Sigmund/magic dart (8)]
  1411 | D:2      | HP: 3/34 [Sigmund/scythe (4)]
  1414 | D:2      | Slain by Sigmund

Skill      XL: |  1  2  3 |
---------------+----------+-----
Fighting       | 3 |  3.1
Maces & Flails | 3 |  3.1
Armour         | |  3.7
Shields        | |  3.8

Action                   || total
-------------------------++-------
Melee: Flail             ||   182
 Abil: Heal Wounds       ||     2
  Eat: Chunk             ||     2
Armor: Scale mail        ||   103
Dodge: Dodged            ||    67
Block: Shield            ||   117

Vault maps used:
D:1:      dpeg_arrival_radiant, minmay_strange_pillars, minmay_quantized
D:2:      minmay_roachtagon, hangedman_abyss_or_decor_stabs, uniq_sigmund

Table legend:
 A = Turns spent in this place as a percentage of turns spent in the entire game.
 B = Non-inter-level travel turns spent in this place as a percentage of non-inter-level travel turns spent in the entire game.
 C = Inter-level travel turns spent in this place as a percentage of turns spent in this place.
 D = Turns resting spent in this place as a percentage of non-inter-level travel turns spent in this place.
 E = Turns spent auto-exploring this place as a percentage of non-inter-level travel turns spent in this place.
 F = Non-inter-level travel turns spent in this place divided by the number of levels of this place that you've seen.
                   A       B       C       D       E      F
               +-------+-------+-------+-------+-------+----------------------
         Total | 100.0 | 100.0 |   1.4 |   9.2 |  71.2 | 697.0
       Dungeon | 100.0 | 100.0 |   1.4 |   9.2 |  71.2 | 697.0
               +-------+-------+-------+-------+-------+----------------------

Table legend:
 A = Kills in this place as a percentage of kills in entire the game.
 B = Kills by you in this place as a percentage of kills by you in the entire game.
 C = Kills by friends in this place as a percentage of kills by friends in the entire game.
 D = Other kills in this place as a percentage of other kills in the entire game.
 E = Experience gained in this place as a percentage of experience gained in the entire game.
 F = Experience gained in this place divided by the number of levels of this place that you have seen.
                   A       B       C       D       E      F
               +-------+-------+-------+-------+-------+----------------------
         Total | 100.0 | 100.0 |   N/A |   N/A | 100.0 |  45.0
       Dungeon | 100.0 | 100.0 |   N/A |   N/A | 100.0 |  45.0
               +-------+-------+-------+-------+-------+----------------------
